 Dungeon Crawl Stone Soup version 0.22-a0-265-g0d8bc90 (webtiles) character file.

53 reaverb the Chopper (level 3, -2/24 HPs)
             Began as an Octopode Gladiator on Mar 8, 2018.
             Slain by a goblin
             ... wielding a +0 club
             ... led by Robin
              (7 damage)
             ... on level 2 of the Dungeon.
             The game lasted 00:00:52 (1284 turns).

reaverb the Chopper (Octopode Gladiator)            Turns: 1284, Time: 00:00:52

Health: -2/24      AC:  1    Str: 14    XL:     3   Next: 87%
Magic:  3/3        EV: 14    Int: 10    God:
Gold:   148        SH:  0    Dex: 13    Spells: 2/2 levels left

rFire    . . .     SeeInvis .   a - +0 war axe
rCold    . . .     Gourm    .   (no shield)
rNeg     . . .     Faith    .   b - +0 hat
rPois    .         Spirit   .   (no amulet)
rElec    .         Reflect  .   (no ring)
rCorr    .         Harm     .   (no ring)
MR       .....                  (no ring)
Stlth    ++........             (no ring)
HPRegen  0.08/turn              (no ring)
MPRegen  0.08/turn              (no ring)
                                (no ring)
                                (no ring)

@: no status effects
A: almost no armour, stealthy swim, amphibious, 8 rings, constrict 8, camouflage
1, gelatinous body 1
a: no special abilities


You were on level 2 of the Dungeon.
You were not hungry.

You visited 1 branch of the dungeon, and saw 2 of its levels.

You collected 148 gold pieces.

Notes
Turn   | Place    | Note
-------+----------+-------------------------------------------
     0 | D:1      | reaverb the Octopode Gladiator began the quest for the Orb.
     0 | D:1      | Reached XP level 1. HP: 14/14 MP: 1/1
    50 | D:1      | Huge Dmg: 4 Dmg
    73 | D:1      | Reached XP level 2. HP: 14/19 MP: 2/2
   444 | D:1      | Huge Dmg: 4 Dmg
   637 | D:1      | Reached skill level 4 in Axes
   789 | D:1      | Reached XP level 3. HP: 24/24 MP: 3/3
   997 | D:1      | Huge Dmg: 7 Dmg
  1274 | D:2      | Noticed Robin
  1279 | D:2      | Huge Dmg: 9 Dmg
  1281 | D:2      | Huge Dmg: 4 Dmg
  1284 | D:2      | Huge Dmg: 2 Dmg
  1284 | D:2      | Slain by a goblin

Inventory:

Hand Weapons
 a - a +0 war axe (weapon)
Missiles
 c - 3 throwing nets (quivered)
Armour
 b - a +0 hat (worn)
Scrolls
 e - a scroll of amnesia {unknown}
 g - 2 scrolls of identify
 i - a scroll of fog {unknown}
 j - a scroll of teleportation
 l - a scroll of blinking {unknown}
Potions
 f - 2 potions of curing
 h - a potion of agility {unknown}
 k - a potion of flight {unknown}
Comestibles
 d - 2 rations

Table legend:
 A = Turns spent in this place as a percentage of turns spent in the entire game.
 B = Non-inter-level travel turns spent in this place as a percentage of non-inter-level travel turns spent in the entire game.
 C = Inter-level travel turns spent in this place as a percentage of turns spent in this place.
 D = Turns resting spent in this place as a percentage of non-inter-level travel turns spent in this place.
 E = Turns spent auto-exploring this place as a percentage of non-inter-level travel turns spent in this place.
 F = Non-inter-level travel turns spent in this place divided by the number of levels of this place that you've seen.
                   A       B       C       D       E      F
               +-------+-------+-------+-------+-------+----------------------
         Total | 100.0 | 100.0 |   0.3 |  12.0 |  43.9 | 640.0
       Dungeon | 100.0 | 100.0 |   0.3 |  12.0 |  43.9 | 640.0
               +-------+-------+-------+-------+-------+----------------------


   Skills:
 - Level 2.0 Fighting
 + Level 4.7 Axes
 - Level 2.0 Throwing
 - Level 3.0 Dodging


You had 2 spell levels left.
You didn't know any spells.

Dungeon Overview and Level Annotations

Branches:
Dungeon (2/15)

Altars:

Annotations:
D:2 Robin


Innate Abilities, Weirdness & Mutations

You cannot wear most types of armour.
You are very stealthy in the water. (Stealth+)
You are amphibious.
You can wear up to eight rings at the same time.
You can use your tentacles to constrict eight enemies at once.
Your skin changes colour to match your surroundings (Stealth+).
Your rubbery body absorbs attacks. (AC +1, EV +1)


Message History

The adder is almost dead.
You constrict the adder.
You kill the adder!
The bat misses you.
You hit the leopard gecko. You grab the leopard gecko.
The leopard gecko is severely wounded.
You miss the bat. You constrict the leopard gecko. The bat misses you.
The bat barely misses you. The leopard gecko closely misses you.
The bat barely misses you.
You barely miss the leopard gecko.
You kill the leopard gecko!
You slash the bat!
You kill the bat!
A giant cockroach comes into view.
The kobold shouts!
You hit the kobold.
You kill the kobold!
A jackal comes into view.
A giant cockroach is nearby!
e - a scroll labeled WUHYQA ELONUS
Found 21 stones.
A giant cockroach is nearby!
The giant cockroach misses you.
You slash the giant cockroach!
You kill the giant cockroach!
Found a dagger.
k - a murky brown potion You are feeling very hungry.
You butcher the giant cockroach corpse.
m - a chunk of flesh Eating a chunk of flesh.
You eat the chunk of flesh.
This raw flesh tastes terrible.
Found a stone staircase leading up. 2 goblins and a hobgoblin come into view.
The goblin shouts! 2 goblins come into view.
The goblin shouts!
You hear a shout!
The goblin shouts!
A goblin and Robin come into view.
There are monsters nearby!
The goblin shouts! x2; You hear a bark!
Robin throws the goblin at you! 3 goblins and a hobgoblin come into view.
You barely miss the goblin.
The goblin shouts! x2
You grab the goblin. You constrict the goblin. The goblin barely misses you.
The hobgoblin misses you.
A goblin comes into view.
There are monsters nearby!
You slash the goblin!
You kill the goblin!
You hit the hobgoblin.
You kill the hobgoblin!
Robin throws the goblin at you! The goblin closely misses you.
Robin roars a battlecry!
The goblins go into a battle-frenzy!
A jackal comes into view.
There are monsters nearby!
You barely miss the goblin. Your grab misses the goblin.
You closely miss the goblin. The goblin hits you.
The goblin completely misses you.
There are monsters nearby!
Unknown command.
Damage: -16%(-4hp) hp: 84%(20hp)
You barely miss the goblin. Your grab misses the goblin. You slash the goblin!
You kill the goblin!
You closely miss the goblin. The goblin barely misses you.
The goblin hits you with a dagger. x2
* * * LOW HITPOINT WARNING * * *
Huge Dmg: -38%(-9hp) hp: 46%(11hp)
You are too injured to fight recklessly!
The goblin closely misses you.
Found an escape hatch in the ceiling.
You are too injured to fight recklessly!
A bat and a goblin come into view.
The goblin hits you with a dagger.
* * * LOW HITPOINT WARNING * * *
You see here 21 stones.
Huge Dmg: -16%(-4hp) hp: 30%(7hp)
You are too injured to fight recklessly!
The goblin shouts!
The jackal barks!
The bat barely misses you.
Unknown command.
You slash the jackal!
You kill the jackal!
You slash the bat!
You kill the bat!
You hit the jackal. You hit the goblin. The jackal closely misses you.
The goblin misses you. The jackal bites you.
* * * LOW HITPOINT WARNING * * *
The goblin hits you.
* * * LOW HITPOINT WARNING * * *
Huge Dmg: -9%(-2hp) hp: 21%(5hp)
You completely miss the goblin. Your grab misses the goblin.
You hit the jackal.
You kill the jackal!
You hit the goblin.
You kill the goblin!
The goblin completely misses you. The goblin barely misses you.
The goblin hits you but does no damage. The goblin hits you with a club!
You die...

.................#
#........$..........#
#...................#
#...........%.......#
#...................#.
.
.........))g..........
.
............gg).......
.. #........ggg...<...
... #.#......gg@...##
...###.#....#####g...#
....)<......# #.....#
....[...###^.# #.....
...##...# ##.... .....
.. #.....# ..... ....
. ....##.# ..... ...
..##.# .# ..... ...
... ... . ...


You could see Robin, a hobgoblin and 7 goblins.

Table legend:
 A = Kills in this place as a percentage of kills in entire the game.
 B = Kills by you in this place as a percentage of kills by you in the entire game.
 C = Kills by friends in this place as a percentage of kills by friends in the entire game.
 D = Other kills in this place as a percentage of other kills in the entire game.
 E = Experience gained in this place as a percentage of experience gained in the entire game.
 F = Experience gained in this place divided by the number of levels of this place that you have seen.
                   A       B       C       D       E      F
               +-------+-------+-------+-------+-------+----------------------
         Total | 100.0 | 100.0 |   N/A |   N/A | 100.0 |  38.0
       Dungeon | 100.0 | 100.0 |   N/A |   N/A | 100.0 |  38.0
               +-------+-------+-------+-------+-------+----------------------

Vanquished Creatures
  An adder (D:2)
  A dart slug (D:1)
  A leopard gecko (D:2)
  3 giant cockroaches
  6 goblins
  4 hobgoblins
  2 jackals (D:2)
  2 kobolds
  A ball python (D:1)
  8 bats
  2 frilled lizards (D:1)
  11 rats (D:1)
42 creatures vanquished.

Action                   || total
-------------------------++-------
Melee: War axe           ||    52
       Tentacles         ||    10
       Constrict         ||    12
  Use: Scroll            ||     3
 Stab: Sleeping          ||     1
  Eat: Chunk             ||     1
Armor: Skin              ||     4
Dodge: Dodged            ||    34
